 Dungeon Sprint DCSS version 0.27-a0-1232-gc6a4cbde82 (webtiles) character file.

Game seed: 7445480975705615786

1521 rocky1 the Blocker (level 9, -2/71 HPs)
             Began as a Formicid Fighter on June 9, 2021.
             Was an Elder of Cheibriados.
             Slain by a two-headed ogre
             ... wielding a +0 giant club
              (16 damage)
             ... in the Dungeon (Sprint III: "The Ten Rune Challenge").
             The game lasted 00:05:03 (1792 turns).

rocky1 the Blocker (Formicid Fighter)               Turns: 1792, Time: 00:05:04

Health: -2/71      AC:  7    Str: 34    XL:     9   Next: 10%
Magic:  13/13      EV: 13    Int: 18    God:    Cheibriados [****..]
Gold:   5          SH: 15    Dex: 19    Spells: 8/8 levels left

rFire    + . .     SeeInvis +   o - +0 long sword (holy)
rCold    . . .     Faith    .   c - +0 kite shield
rNeg     . . .     Spirit   .   b - +0 scale mail
rPois    .         Reflect  .   (helmet unavailable)
rElec    .         Harm     .   (no cloak)
rCorr    .         Rampage  .   (no gloves)
Will     .....     Clarity  +   (no boots)
Stlth    ..........             (no amulet)
HPRegen  0.21/turn              (no ring)
MPRegen  0.13/turn              (no ring)

@: unable to read, very slow
A: permanent stasis, dig shafts and tunnels, antennae 3, four strong arms,
clarity, clever 1, fire resistance 1, inability to read while threatened
a: Dig, Renounce Religion, Bend Time, Temporal Distortion, Slouch


You were in the Dungeon.
You worshipped Cheibriados.
Cheibriados was greatly pleased with you.
You visited 1 branch You collected 5 gold pieces.

Inventory:

Hand Weapons
 a - a +0 long sword
 o - a +0 long sword of holy wrath (weapon)
Armour
 b - a +0 scale mail (worn)
 c - a +0 kite shield (worn)
Wands
 d - a wand of mindburst (5)
Scrolls
 i - a scroll of holy word {unknown}
 j - a scroll of amnesia {unknown}
 l - a scroll of immolation {unknown}
 m - a scroll of enchant weapon {unknown}
Potions
 e - 2 potions of curing
 g - 2 potions of magic
 h - 2 potions of degeneration {unknown}
 k - 2 potions of flight {unknown}
 n - a potion of mutation


   Skills:
 + Level 6.7 Fighting
 + Level 11.4 Long Blades
 + Level 6.6 Armour
 + Level 4.8 Dodging
 - Level 12.2 Shields
 + Level 6.5 Invocations
 + Level 5.1 Evocations


You had 8 spell levels left.
You didn't know any spells.
Your spell library contained the following spells:

 Spells                   Type           Power      Damage    Failure   Level
 Corona                   Hex            0%         N/A       36%         1
 Ensorcelled Hibernation  Hex/Ice        0%         N/A       52%         2
 Confusing Touch          Hex            0%         N/A       75%         3
 Dazzling Flash           Conj/Hex       0%         N/A       75%         3
 Gell's Gravitas          Tloc           0%         N/A       75%         3
 Tukima's Dance           Hex            0%         N/A       75%         3
 Petrify                  Tmut/Erth      0%         N/A       98%         4
 Metabolic Englaciation   Hex/Ice        0%         N/A       100%        5
 Yara's Violent Unravell  Hex/Tmut       0%         3d3       100%        5


Dungeon Overview and Level Annotations

Branches:
Dungeon (1/1)

Altars:
Cheibriados
Dithmenos
Elyvilon
Fedhas
Gozag
Hepliaklqana
Kikubaaqudgha
Makhleb
Nemelex Xobeh
Okawaru
Qazlal
Ru
Sif Muna
Trog
Uskayaw
Vehumet
Wu Jian
Xom
Yredelemnul
Zin
The Shining One
Beogh
Jiyva
Lugonu


Innate Abilities, Weirdness & Mutations

You cannot be hasted, slowed, berserked, paralysed or teleported.
You can dig through walls and to a lower floor.
You have a pair of large antennae on your head. (SInv)
Your four strong arms can wield two-handed weapons with a shield.
You possess an exceptional clarity of mind.
Your mind is acute. (Int +2)
Your flesh is heat resistant. (rF+)
You sometimes lose the ability to read scrolls when taking damage.


Message History

A two-headed ogre comes into view. It is wielding two +0 giant clubs.
The two-headed ogre shouts in stereo!
You slash the two-headed ogre!
The two-headed ogre is lightly wounded.
You block the two-headed ogre's attack. The two-headed ogre misses you.
You hit the two-headed ogre.
The two-headed ogre is moderately wounded.
You block the two-headed ogre's attack. The two-headed ogre closely misses you.
You hit the two-headed ogre.
The two-headed ogre is moderately wounded.
You closely miss the two-headed ogre.
The two-headed ogre is moderately wounded.
The two-headed ogre hits you with a +0 giant club! x2
You hit the two-headed ogre.
The two-headed ogre is moderately wounded.
You block the two-headed ogre's attack. The two-headed ogre closely misses you.
You barely miss the two-headed ogre.
The two-headed ogre is moderately wounded.
You closely miss the two-headed ogre.
The two-headed ogre is moderately wounded.
The two-headed ogre hits you with a +0 giant club!
You feel threatened and lose the ability to read scrolls!
The two-headed ogre closely misses you.
You slash the two-headed ogre!
The two-headed ogre is heavily wounded.
You block the two-headed ogre's attack. The two-headed ogre closely misses you.
You slash the two-headed ogre!
The two-headed ogre is heavily wounded.
You hit the two-headed ogre but do no damage.
The two-headed ogre is heavily wounded.
You block the two-headed ogre's attack.
The two-headed ogre hits you with a +0 giant club!!
* * * LOW HITPOINT WARNING * * *
You hit the two-headed ogre but do no damage.
The two-headed ogre is heavily wounded.
You barely miss the two-headed ogre.
The two-headed ogre is heavily wounded.
You block the two-headed ogre's attack.
The two-headed ogre hits you with a +0 giant club!
You die... #'###)## {{{{{{ { .†.....# {{{{{{

.......# ######'#
#__#...#+###########
#__#...#....#.#.#..
#__#...##.#..#.##.#
#__#...'##.#.#.##O#{
#__'...#.).#..#.@# {
▓▓▓▓▓▓▓▓▓▓▓▓▓▓▓▓▓▓ {
{ { { {≈ {{ ,


You could see a two-headed ogre.

Vanquished Creatures
  A deep elf pyromancer (D)
  A shadow (D)
  A spatial vortex (D)
  A necrophage (D)
  3 two-headed ogres (D)
  A water elemental (D)
  A jelly (D)
  A wizard (D)
  Jessica (D)
  A necromancer (D)
  A kobold demonologist (D)
  3 humans (D)
  A phantom (D)
  An endoplasm (D)
  A rat (D)
19 creatures vanquished.

Notes
Turn   | Place    | Note
-------+----------+-------------------------------------------
     0 | D        | rocky1 the Formicid Fighter began the quest for the Orb.
     0 | D        | Reached XP level 1. HP: 18/18 MP: 1/1
     6 | D        | Reached skill level 4 in Shields
    51 | D        | Noticed Jessica
    54 | D        | Killed Jessica
    55 | D        | Reached skill level 6 in Shields
    55 | D        | Reached XP level 2. HP: 19/24 MP: 2/2
    55 | D        | Reached XP level 3. HP: 23/29 MP: 3/3
   157 | D        | Reached skill level 5 in Long Blades
   327 | D        | Reached skill level 7 in Shields
   327 | D        | Reached XP level 4. HP: 35/35 MP: 4/4
   349 | D        | Gained mutation: You passively map a small area around you.
                  | [potion of mutation]
   349 | D        | Gained mutation: Your body sometimes deteriorates upon
                  | taking damage. [potion of mutation]
   349 | D        | Gained mutation: Your movements are slightly less
                  | encumbered by armour. (ER -2) [potion of mutation]
   373 | D        | Lost mutation: Your body sometimes deteriorates upon taking
                  | damage. [potion of mutation]
   373 | D        | Gained mutation: You are weak. (Str -2) [potion of
                  | mutation]
   373 | D        | Gained mutation: You are agile. (Dex +2) [potion of
                  | mutation]
   373 | D        | Gained mutation: You have large cloven feet. [potion of
                  | mutation]
   374 | D        | Lost mutation: You are agile. (Dex +2) [potion of mutation]
   374 | D        | Lost mutation: You passively map a small area around you.
                  | [potion of mutation]
   375 | D        | Lost mutation: You have large cloven feet. [potion of
                  | mutation]
   375 | D        | Lost mutation: You are weak. (Str -2) [potion of mutation]
   375 | D        | Lost mutation: Your movements are slightly less encumbered
                  | by armour. (ER -2) [potion of mutation]
   375 | D        | Gained mutation: You sometimes lose the ability to read
                  | scrolls when taking damage. [potion of mutation]
   375 | D        | Gained mutation: Your mind is acute. (Int +2) [potion of
                  | mutation]
   375 | D        | Gained mutation: You possess an exceptional clarity of
                  | mind. [potion of mutation]
   375 | D        | Gained mutation: Your flesh is heat resistant. (rF+)
                  | [potion of mutation]
   380 | D        | Noticed a water elemental
   387 | D        | Killed a water elemental
   388 | D        | Reached skill level 8 in Shields
   388 | D        | Reached XP level 5. HP: 31/41 MP: 5/5
   406 | D        | Reached skill level 9 in Shields
   406 | D        | Noticed a shadow
   412 | D        | Killed a shadow
   413 | D        | Reached skill level 11 in Shields
   413 | D        | Reached XP level 6. HP: 19/47 MP: 6/6
   418 | D        | Found a blossoming altar of Fedhas.
   418 | D        | Found a stormy altar of Qazlal.
   418 | D        | Found a snail-covered altar of Cheibriados.
   418 | D        | Found a burning altar of Makhleb.
   418 | D        | Found a shimmering altar of Xom.
   419 | D        | Found a hazy altar of Hepliaklqana.
   419 | D        | Found an opulent altar of Gozag.
   419 | D        | Found a sparkling altar of Nemelex Xobeh.
   419 | D        | Found a corrupted altar of Lugonu.
   419 | D        | Found a viscous altar of Jiyva.
   419 | D        | Noticed a spatial vortex
   422 | D        | Became a worshipper of Cheibriados the Contemplative
   433 | D        | Killed a spatial vortex
   434 | D        | Reached skill level 10 in Long Blades
   434 | D        | Reached skill level 12 in Shields
   434 | D        | Reached XP level 7. HP: 24/52 MP: 7/7
   695 | D        | Found a basalt altar of Yredelemnul.
   695 | D        | Found a shadowy altar of Dithmenos.
   695 | D        | Found a sacrificial altar of Ru.
   708 | D        | Reached * piety under Cheibriados
   717 | D        | Reached skill level 1 in Dodging
   856 | D        | Found a glowing silver altar of Zin.
   856 | D        | Found a glowing golden altar of the Shining One.
   856 | D        | Found a white marble altar of Elyvilon.
   857 | D        | Noticed a deep elf pyromancer
   872 | D        | Noticed a fire elemental
   881 | D        | Killed a deep elf pyromancer
   882 | D        | Reached skill level 5 in Fighting
   882 | D        | Reached skill level 5 in Armour
   882 | D        | Reached XP level 8. HP: 25/63 MP: 4/11
  1174 | D        | Found a radiant altar of Vehumet.
  1174 | D        | Found a shimmering blue altar of Sif Muna.
  1174 | D        | Found an ancient bone altar of Kikubaaqudgha.
  1177 | D        | Reached ** piety under Cheibriados
  1182 | D        | Reached skill level 5 in Invocations
  1208 | D        | Found a hide-covered altar of Uskayaw.
  1208 | D        | Found an iron altar of Okawaru.
  1208 | D        | Found a bloodstained altar of Trog.
  1208 | D        | Found an ornate altar of the Wu Jian Council.
  1208 | D        | Noticed a human
  1209 | D        | Noticed a human
  1223 | D        | Killed a human
  1234 | D        | Killed a human
  1412 | D        | Reached *** piety under Cheibriados
  1424 | D        | Reached XP level 9. HP: 20/71 MP: 13/13
  1433 | D        | Reached **** piety under Cheibriados
  1434 | D        | Reached skill level 5 in Evocations
  1779 | D        | Noticed a two-headed ogre
  1792 | D        | Slain by a two-headed ogre

Illustrated notes

Levels and vault maps discovered:
D:        dungeon_sprint_mu [sprint_mu_entry_forest, sprint_mu_temple_rooms,
          sprint_mu_d1_spiders, sprint_mu_d2_genie, sprint_mu_d3_branching,
          sprint_mu_orc_legion, sprint_mu_elf_gauntlet, sprint_mu_hive_nellie,
          sprint_mu_lair_fedhas, sprint_mu_vaults_butterflies,
          sprint_mu_slime_circle, sprint_mu_shoals_kraken,
          sprint_mu_snake_twists, sprint_mu_blade_basic,
          sprint_mu_crypt_fortress, sprint_mu_tomb_spiral,
          sprint_mu_vestibule_basic, sprint_mu_gehenna_hellfire,
          sprint_mu_dis_giant, sprint_mu_tartarus_statrot,
          sprint_mu_cocytus_islands, sprint_mu_zot1]

Skill      XL: |  1  2  3  4  5  6  7  8  9 |
---------------+----------------------------+-----
Shields        | 6 7 8 11 12 | 12.2
Long Blades    | 4 5 6 9 10 11 | 11.4
Fighting       | 5 6 |  6.7
Armour         | 5 6 |  6.6
Dodging        | 3 4 |  4.8
Invocations    | 4 6 |  6.5
Evocations     | 3 4 5 |  5.1

Action                   |  1- 3 |  4- 6 |  7- 9 || total
-------------------------+-------+-------+-------++-------
Melee: Long sword        |    24 |    23 |   113 ||   160
Invok: Bend Time         |       |       |     4 ||     4
  Use: Potion            |       |     5 |     1 ||     6
Armor: Scale mail        |     4 |     2 |     9 ||    15
Dodge: Dodged            |     9 |     2 |    31 ||    42
Block: Kite shield       |    11 |     7 |    58 ||    76
       Rpst.: Long sword |     6 |     1 |     6 ||    13

Table legend: (Time is in decaauts)
 A = Elapsed time spent in this place.
 B = Non-inter-level travel time spent in this place.
 C = Inter-level travel time spent in this place.
 D = Time resting spent in this place.
 E = Time spent auto-exploring this place.
 F = Levels seen in this place.
 G = Mean time per level.
                   A        B        C        D        E       F      G
               +--------+--------+--------+--------+--------+-----+--------+
         Total |   1832 |   1832 |      0 |   1383 |      0 |   1 | 1832.0 |
       Dungeon |   1832 |   1832 |      0 |   1383 |      0 |   1 | 1832.0 |
               +--------+--------+--------+--------+--------+-----+--------+

Top non-repeatable levels by time:
       D: 1832 daAuts
